 Dungeon Crawl Stone Soup version 0.29.1-12-g30fa7ad0bf (webtiles) character file.

Game seed: 16805613706154075526

561 fishmans the Cudgeller (level 7, -9/41 HPs)
             Began as a Gargoyle Fighter on Dec 28, 2022.
             Was an Initiate of Okawaru.
             Mangled by an ogre
             ... wielding a +0 giant club
              (16 damage)
             ... on level 3 of the Dungeon.
             The game lasted 00:12:31 (4206 turns).

fishmans the Cudgeller (Gargoyle Fighter)           Turns: 4206, Time: 00:12:32

Health: -9/41      AC: 11    Str: 22    XL:     7   Next: 31%
Magic:  7/7        EV:  9    Int:  8    God:    Okawaru [......]
Gold:   34         SH:  4    Dex:  9    Spells: 6/6 levels left

rFire   . . .      SeeInvis .   a - +1 flail (vorpal)
rCold   . . .      Faith    .   c - +0 buckler
rNeg    + . .      Spirit   .   b - +0 scale mail
rPois   ∞          Reflect  .   (no helmet)
rElec   +          Harm     .   (no cloak)
rCorr   .          Rampage  .   (no gloves)
Will    .....                   (no boots)
Stlth   ..........              (no amulet)
HPRegen 0.13/turn               (no ring)
MPRegen 0.10/turn               (no ring)

@: mighty, brilliant
A: sickness immunity, AC +4, negative energy resistance 1, electricity
resistance, torment resistance 1, petrification resistance
a: Renounce Religion


You were on level 3 of the Dungeon.
You worshipped Okawaru.
Okawaru was noncommittal.
You visited 1 branch of the dungeon, and saw 3 of its levels.
You also visited: Sewer.

You collected 34 gold pieces.

Inventory:

Hand Weapons
 a - a +1 vorpal flail (weapon)
Missiles
 h - a throwing net (quivered)
Armour
 b - a +0 scale mail (worn)
 c - a +0 buckler (worn)
Scrolls
 k - a scroll of butterflies
Potions
 d - a potion of might
 e - a potion of flight {unknown}
 f - 2 potions of brilliance
 i - a potion of magic
 j - a potion of lignification {unknown}
 l - a potion of haste {unknown}
 m - 2 potions of resistance {unknown}


   Skills:
 - Level 3.2 Fighting
 * Level 7.7 Maces & Flails
 - Level 3.7 Armour
 - Level 3.2 Shields


You had 6 spell levels left.
You didn't know any spells.
Your spell library contained the following spells:

 Spells                   Type           Power      Damage    Failure   Level
 Magic Dart               Conj           0%         1d3       83%         1
 Searing Ray              Conj           0%         2d4       92%         2
 Fulminant Prism          Conj/Hex       0%         3d6       100%        4


Dungeon Overview and Level Annotations

Branches:
Dungeon (3/15)              Sewer (visited)

Altars:
Kikubaaqudgha
Okawaru
Trog

Shops:
D:1 [


Innate Abilities, Weirdness & Mutations

You are immune to sickness and miasma.
Your stone body is resilient. (AC +4)
You are immune to poison.
You resist negative energy. (rN+)
You are resistant to electric shocks. (rElec)
You are resistant to unholy torment.
You are immune to petrification.


Message History

You barely miss the kobold.
The kobold is severely wounded.
You block the kobold's attack.
You closely miss the kobold.
The kobold is severely wounded.
The kobold barely misses you.
You closely miss the kobold.
The kobold is severely wounded.
The kobold hits you but does no damage.
You bludgeon the kobold!!
You kill the kobold!
Okawaru accepts your kill.
No target in view!
As you open the door, it creaks loudly!
There is an open door here.
A kobold comes into view. It is wielding a +0 dagger.
The kobold shouts!
A kobold is nearby!
You thump the kobold!
You kill the kobold!
Okawaru accepts your kill.
No target in view!
No target in view!
You see here a +0 dagger.
An ogre comes into view. It is wielding a +0 giant club.
You hit the ogre.
The ogre is lightly wounded.
The ogre hits you with a +0 giant club.
You hit the ogre but do no damage.
The ogre is lightly wounded.
The ogre hits you with a +0 giant club!!
Ouch! That really hurt!
* * * LOW HITPOINT WARNING * * *
You feel very mighty all of a sudden.
It was a potion of brilliance.
You feel clever all of a sudden. The ogre barely misses you.
It was a potion of magic.
Magic courses through your body. The ogre hits you with a +0 giant club!
You die...

# . ###########
###### #.........#
#...<#
##)######.####'####
#.# #.#........ #.#
#.#.....### #.#
#.#.....#.. #@#
#.#.....#.. #O#
#.#.....#.. #.#
#.#.....#.. #.#
#.#)...##.. #.#
####'#....##.. #.#
#......)..##'' #.#
#.........#8.. #.#
#.....##..##__
########...#⌠⌠


You could see an ogre.

Vanquished Creatures
  5 kobold brigands (Sewer)
  3 gnolls (D:3)
  6 adders
  3 river rats (Sewer)
  An adder zombie (D:2)
  4 worms
  A dart slug (D:2)
  6 bats
  2 bat skeletons (D:2)
  A bat zombie (D:2)
  12 endoplasms
  5 giant cockroaches (D:3)
  4 goblins
  3 hobgoblins
  2 jackals (D:1)
  4 quokkas
  8 ball pythons
  2 ball python skeletons (D:2)
  2 ball python zombies (D:2)
  4 frilled lizards
  16 kobolds
  5 rats
99 creatures vanquished.

Vanquished Creatures (others)
  5 withered plants (D:2)
5 creatures vanquished.

Grand Total: 104 creatures vanquished

Notes
Turn   | Place    | Note
-------+----------+-------------------------------------------
     0 | D:1      | fishmans the Gargoyle Fighter began the quest for the Orb.
     0 | D:1      | Reached XP level 1. HP: 14/14 MP: 1/1
   237 | D:1      | Reached XP level 2. HP: 13/19 MP: 2/2
   359 | D:1      | Found Vylasmio's Armour Shoppe.
   576 | D:1      | You fall into a shaft and drop 1 floor!
   656 | D:1      | Reached skill level 3 in Maces & Flails
   711 | D:1      | Reached XP level 3. HP: 22/23 MP: 3/3
  1290 | D:2      | Found a bloodstained altar of Trog.
  1600 | D:2      | Reached XP level 4. HP: 28/28 MP: 4/4
  1623 | D:2      | Reached skill level 4 in Maces & Flails
  2305 | D:3      | Found a glowing drain.
  2427 | D:3      | Reached XP level 5. HP: 12/32 MP: 5/5
  2821 | Sewer    | Entered a sewer
  2944 | Sewer    | Reached skill level 5 in Maces & Flails
  3030 | Sewer    | Noticed a kobold brigand
  3043 | Sewer    | Killed a kobold brigand
  3044 | Sewer    | Reached XP level 6. HP: 32/37 MP: 6/6
  3096 | Sewer    | Reached skill level 6 in Maces & Flails
  3476 | Sewer    | Reached skill level 7 in Maces & Flails
  3560 | Sewer    | Reached XP level 7. HP: 31/41 MP: 7/7
  4125 | D:3      | Found an ancient bone altar of Kikubaaqudgha.
  4125 | D:3      | Found an iron altar of Okawaru.
  4129 | D:3      | Became a worshipper of Warmaster Okawaru
  4206 | D:3      | Mangled by an ogre

Illustrated notes

Levels and vault maps discovered:
D:1:      nicolae_arrival_memento_mori, layout_basic, serial_shops, shop,
          grunt_decor_resistance
D:2:      minmay_inner_zag, layout_loops_ring, serial_undead, serial_undead_f,
          serial_undead_f, serial_undead_e, serial_undead_f, serial_undead_e,
          serial_undead_a, basic_altar
D:3:      layout_basic, gammafunk_temple_overflow_wave,
          mainiacjoe_overflow_tiny_flanked, portal_sewer_entry_f

Skill      XL: |  1  2  3  4  5  6 |
---------------+-------------------+-----
Maces & Flails | 3 4 5 7 |  7.7
Fighting       | |  3.2
Armour         | |  3.7
Shields        | |  3.2

Action                   |  1- 3 |  4- 6 |  7- 9 || total
-------------------------+-------+-------+-------++-------
Melee: Flail             |   142 |   189 |    47 ||   378
  Use: Scroll            |     1 |     4 |     1 ||     6
       Potion            |       |       |     3 ||     3
Armor: Scale mail        |    74 |    65 |     8 ||   147
Dodge: Dodged            |    86 |    63 |     8 ||   157
Block: Buckler           |    22 |    23 |     5 ||    50
